 Seeded DCSS version 0.31-a0-542-gdc2a67831c (webtiles) character file.

Game seed: 3462948736809364276 (custom seed)

4396 bmack86 the Severer (level 10, -1/77 HPs)
             Began as a Minotaur Fighter on Aug 14, 2023.
             Slain by a steam dragon (2 damage)
             ... on level 8 of the Dungeon.
             The game lasted 00:11:23 (7043 turns).

bmack86 the Severer (Minotaur Fighter)              Turns: 7043, Time: 00:11:24

Health: -1/77      AC: 12    Str: 25    XL:     10   Next: 13%
Magic:  9/9        EV:  6    Int:  5    God:
Gold:   269        SH:  5    Dex: 10    Spells: 9/9 levels left

rFire   . . .        a - +0 war axe
rCold   . . .        c - +0 buckler
rNeg    . . .        f - +0 plate armour
rPois   .            (helmet restricted)
rElec   .            (no cloak)
rCorr   .            (no gloves)
SInv    .            y - +0 pair of boots
Will    .....        (no amulet) Stlth
                     (no ring)
HPRegen 0.32/turn    (no ring)
MPRegen 0.11/turn

%: no passive effects
@: no status effects
A: horns 2, retaliatory headbutt
a: no special abilities


You were on level 8 of the Dungeon.
You visited 2 branches of the dungeon, and saw 9 of its levels.

You collected 269 gold pieces.

Inventory:

Hand Weapons
 a - a +0 war axe (weapon)
Missiles
 s - 2 boomerangs
Armour
 b - a +0 scale mail
 c - a +0 buckler (worn)
 d - a +0 kite shield
 f - a +0 plate armour (worn)
 y - a +0 pair of boots (worn)
Jewellery
 n - a ring of fire
Wands
 v - a wand of quicksilver (9) (quivered)
 A - a wand of mindburst (3)
Scrolls
 e - 3 scrolls of immolation {unknown}
 g - a scroll of fear {unknown}
 j - 2 scrolls of fog {unknown}
 m - a scroll of teleportation {unknown}
 o - a scroll of enchant weapon {unknown}
 p - 4 scrolls of identify {unknown}
 r - 2 scrolls of poison {unknown}
 t - 3 scrolls of acquirement {unknown}
 u - a scroll of blinking {unknown}
 x - a scroll of vulnerability {unknown}
 z - a scroll of enchant armour {unknown}
Potions
 h - a potion of haste {unknown}
 i - a potion of enlightenment {unknown}
 k - 2 potions of curing {unknown}
 l - a potion of lignification {unknown}
 q - 3 potions of cancellation {unknown}
 w - a potion of attraction {unknown}


   Skills:
 - Level 3.6 Fighting
 + Level 17.0 Axes
 - Level 3.6 Armour
 - Level 5.0 Shields


You had 9 spell levels left.
You didn't know any spells.
Your spell library contained the following spells:

 Spells                   Type           Power      Damage    Failure   Level
 Sublimation of Blood     Necr           0%         N/A       100%        2
 Frozen Ramparts          Ice            0%         1d1       100%        3
 Hailstorm                Conj/Ice       0%         3d3       100%        3
 Petrify                  Tmut/Erth      0%         N/A       100%        4
 Summon Ice Beast         Ice/Summ       0%         N/A       100%        4
 Irradiate                Conj/Tmut      0%         3d11      100%        5
 Metabolic Englaciation   Hex/Ice        0%         N/A       100%        5
 Simulacrum               Ice/Necr       0%         N/A       100%        6


Dungeon Overview and Level Annotations

Branches:
Dungeon (8/15)             Temple (1/1) D:6
   Lair: D:8-11

Altars:
Cheibriados
Dithmenos
Elyvilon
Gozag
Hepliaklqana
Makhleb
Nemelex Xobeh
Qazlal
Ru
Sif Muna
Trog
Uskayaw
Vehumet
Wu Jian
Xom
Yredelemnul
Zin
The Shining One


Innate Abilities, Weirdness & Mutations

You have a pair of horns on your head.
You reflexively headbutt those who attack you in melee.


Message History

You slash the wyvern!
The wyvern is almost dead.
The wyvern bites you but does no damage.
You hit the wyvern.
You kill the wyvern!
Your Axes skill increases to level 17!
You see here a wyvern corpse.
A steam dragon comes into view.
The steam dragon breathes steam at you. The ball of steam hits you!!
* * * LOW HITPOINT WARNING * * *
You are engulfed in a cloud of scalding steam.
* * * LOW HITPOINT WARNING * * *
You see here a scroll labelled VOCODIN GAMM.
The steam dragon bites you but does no damage.
The steam dragon claws you but does no damage.
Unknown command.
You hit the steam dragon.
The steam dragon is lightly wounded.
You are engulfed in a cloud of scalding steam.
* * * LOW HITPOINT WARNING * * *
The steam dragon bites you.
* * * LOW HITPOINT WARNING * * *
The steam dragon claws you but does no damage.
You hit the steam dragon. Your headbutt misses the steam dragon.
The steam dragon is moderately wounded.
You closely miss the steam dragon. Your headbutt misses the steam dragon.
The steam dragon is moderately wounded.
You are engulfed in a cloud of scalding steam.
You block the steam dragon's attack.
The steam dragon claws you but does no damage.
You slash the steam dragon!
The steam dragon is heavily wounded.
The steam dragon bites you!
* * * LOW HITPOINT WARNING * * *
The steam dragon closely misses you.
You hit the steam dragon. Your headbutt misses the steam dragon.
The steam dragon is severely wounded.
The steam dragon bites you.
You die...

######
####....###
#.........#
#.....$...#
#.........#
######†........#
#<........?....#
########..@....#
#..D....#
#.......#
#...###.# #...#
.# #...# . #...#
. #...#


You could see a steam dragon.

Vanquished Creatures
  A two-headed ogre (D:7)
  Pikel (D:7)
  Prince Ribbit (D:5)
  A hornet (D:7)
  Sigmund (D:3)
  A wyvern (D:8)
  2 steam dragons
  A water moccasin (D:5)
  An orc warrior (D:7)
  An ice beast (D:6)
  2 black bears
  A sky beast (D:6)
  2 centaurs
  2 lemures (D:7)
  4 bullfrogs
  A gnoll sergeant (D:6)
  8 scorpions
  4 wights (D:7)
  2 hounds (D:5)
  2 jellies
  4 orc priests
  Terence (D:3)
  2 iguanas
  5 orc wizards
  6 adders
  8 gnolls
  A shadow imp (D:7)
  A white imp (D:7)
  An ufetubus (D:5)
  2 worms
  2 dart slugs
  35 orcs
  10 ball pythons
  7 endoplasms
  4 giant cockroaches
  5 goblins
  3 hobgoblins
  3 jackals (D:1)
  4 quokkas
  15 bats
  2 frilled lizards (D:1)
  8 kobolds
  8 rats
176 creatures vanquished.

Notes
Turn   | Place    | Note
-------+----------+-------------------------------------------
     0 | D:1      | bmack86 the Minotaur Fighter began the quest for the Orb.
     0 | D:1      | Reached XP level 1. HP: 19/19 MP: 0/0
    67 | D:1      | Reached XP level 2. HP: 24/26 MP: 1/1
   212 | D:1      | Reached skill level 3 in Axes
   401 | D:1      | Reached XP level 3. HP: 30/31 MP: 2/2
   630 | D:2      | You fall into a shaft and drop 2 floors!
   697 | D:4      | Reached skill level 4 in Axes
   697 | D:4      | Reached skill level 5 in Shields
   697 | D:4      | Reached XP level 4. HP: 32/39 MP: 3/3
   878 | D:3      | Noticed Sigmund
   885 | D:3      | Killed Sigmund
   886 | D:3      | Reached skill level 6 in Axes
   886 | D:3      | Reached XP level 5. HP: 45/45 MP: 4/4
   975 | D:2      | Found a burning altar of Makhleb.
  1348 | D:2      | Found a faded altar of an unknown god.
  1356 | D:2      | Reached XP level 6. HP: 51/51 MP: 5/5
  1609 | D:3      | Noticed Terence
  1617 | D:3      | Killed Terence
  1618 | D:3      | Reached skill level 7 in Axes
  1793 | D:3      | Found a shimmering blue altar of Sif Muna.
  2101 | D:3      | Found a hazy altar of Hepliaklqana.
  2348 | D:4      | Found a bloodstained altar of Trog.
  2351 | D:4      | Found a glowing golden altar of the Shining One.
  2882 | D:4      | Reached skill level 8 in Axes
  2998 | D:5      | Entered Level 5 of the Dungeon
  3290 | D:5      | Reached XP level 7. HP: 52/57 MP: 6/6
  3396 | D:5      | Reached skill level 9 in Axes
  3615 | D:5      | Reached skill level 10 in Axes
  3697 | D:5      | Found a sacrificial altar of Ru.
  4068 | D:5      | Found a radiant altar of Vehumet.
  4157 | D:5      | Noticed Prince Ribbit
  4164 | D:5      | Killed Prince Ribbit
  4165 | D:5      | Reached skill level 11 in Axes
  4165 | D:5      | Reached XP level 8. HP: 39/64 MP: 7/7
  4584 | D:5      | Reached skill level 12 in Axes
  4888 | D:6      | Found a staircase to the Ecumenical Temple.
  4890 | D:6      | Reached skill level 13 in Axes
  4902 | Temple   | Entered the Ecumenical Temple
  5294 | D:6      | Reached XP level 9. HP: 46/70 MP: 8/8
  5551 | D:6      | Reached skill level 14 in Axes
  5871 | D:7      | Noticed Pikel
  5885 | D:7      | Killed Pikel
  6044 | D:7      | Reached skill level 15 in Axes
  6379 | D:7      | Noticed a two-headed ogre
  6395 | D:7      | Killed a two-headed ogre
  6396 | D:7      | Reached skill level 16 in Axes
  6553 | D:7      | Reached XP level 10. HP: 72/76 MP: 9/9
  7032 | D:8      | Reached skill level 17 in Axes
  7042 | D:8      | HP: 1/77 [steam dragon (8)]
  7043 | D:8      | Slain by a steam dragon

Illustrated notes

Levels and vault maps discovered:
D:1:      mushboom_english_gardens, layout_rooms, minmay_tromino_v4_b
D:2:      layout_loops_corners, basic_altar, ebering_ecumenical_altar_mist
D:3:      layout_basic, lemuel_blue_sif_altar, nicolae_hepliaklqana_hippocampus,
          uniq_terence, uniq_sigmund
D:4:      layout_gridville, trog_book, nicolae_overflow_hidden_temple
D:5:      old_forge, layout_layer_cave, mainiacjoe_overflow_tiny_flanked,
          nicolae_ru_awakened_eye, uniq_prince_ribbit1
D:6:      layout_loops_ring, minmay_temple_entry_stoned_glass, serial_glass,
          glass_columns_b, glass_columns_c
D:7:      layout_loops_ring, uniq_pikel
D:8:      gammafunk_sealed_arena, layout_basic,
          lemuel_zombie_altar_kikubaaqudgha, enter_bailey_4,
          nicolae_concentric_dashed_squares_wild, minmay_manual_mess
Temple:   nicolae_temple_hex_pool

Skill      XL: |  1  2  3  4  5  6  7  8  9 10 |
---------------+-------------------------------+-----
Shields        | 4 5 |  5.0
Axes           | 3 4 6 8 11 13 16 17 | 17.0
Fighting       | |  3.6
Armour         | |  3.6

Action                     |  1- 3 |  4- 6 |  7- 9 | 10-12 || total
---------------------------+-------+-------+-------+-------++-------
  Melee: War axe           |    67 |   130 |   214 |    34 ||   445
         Headbutt          |    10 |    17 |    39 |     5 ||    71
  Evoke: Wand              |       |       |     3 |       ||     3
    Use: Potion            |       |       |     1 |       ||     1
 Armour: Plate armour      |    79 |    79 |   108 |     9 ||   275
  Dodge: Dodged            |    26 |    24 |    51 |     5 ||   106
  Block: Buckler           |    31 |    25 |    50 |     8 ||   114

Table legend: (Time is in decaauts)
 A = Elapsed time spent in this place.
 B = Non-inter-level travel time spent in this place.
 C = Inter-level travel time spent in this place.
 D = Time resting spent in this place.
 E = Time spent auto-exploring this place.
 F = Levels seen in this place.
 G = Mean time per level.
                   A        B        C        D        E       F      G
               +--------+--------+--------+--------+--------+-----+--------+
         Total |   7066 |   6811 |    255 |     47 |   5396 |   9 |  785.1 |
       Dungeon |   7064 |   6809 |    255 |     47 |   5396 |   8 |  883.0 |
        Temple |      1 |      1 |      0 |      0 |      0 |   1 |    1.0 |
               +--------+--------+--------+--------+--------+-----+--------+

Top non-repeatable levels by time:
     D:5: 1772 daAuts
     D:7: 1255 daAuts
     D:6: 969 daAuts
     D:3: 864 daAuts
     D:4: 855 daAuts
     D:2: 757 daAuts
     D:1: 570 daAuts
     D:8: 20 daAuts
  Temple: 1 daAuts
